Kradschützen Motorcycle Team
Selects Panzerjäger Kommand Battlegroup
Construct Light Support Kompanie
Panzerjäger Mechanized Group
Construct Mechanized Kompanie
Marder III Tank Destroyer
Marder III Tank Destroyer
Construct Panzerarmee Kommand
Selects Butterfly Bomb Drop
Walking Stuka Rocket Launcher
Selects Crew Shock Tactics
Marder III Tank Destroyer
Selects Elefant Tank Destroyer
Selects Anti-tank Overwatch
Walking Stuka Rocket Launcher